3AAA
GRYFINDOR BRAVES @ HOUSTON BC
09/13/2034
 
TOP OF THE 1ST
Gryfindor Braves batting - Pitching for Houston BC : RHP Nolan Howard
Pitching: RHP Nolan Howard
Batting: LHB Robby Young 0-0: Foul Ball, location: 2F
0-1: Ball
1-1: Foul Ball, location: 2F
1-2: DOUBLE (Flyball, 89D)
Batting: RHB Javier López 0-0: Ball
1-0: Ball
2-0: DOUBLE (Line Drive, 78D)
Robby Young scores
Batting: LHB Austin Hathaway 0-0: Ball
1-0: Fly out, F9 (Flyball, 9LD)
Batting: RHB Akke Derksen 0-0: Fly out, F4 (Popup, 4)
Batting: RHB Randy Rehling 0-0: Ground out 3-1 (Groundball, 34)
Top of the 1st over - 1 run, 2 hits, 0 errors, 1 left on base; Gryfindor 1 - Houston 0
BOTTOM OF THE 1ST
Houston BC batting - Pitching for Gryfindor Braves : LHP Luis Vargas
Pitching: LHP Luis Vargas
Batting: RHB Kenneth Noid 0-0: Ball
1-0: Ball
2-0: Called Strike
2-1: Called Strike
2-2: Strikes out swinging
Batting: LHB Sidney Dollarhide 0-0: Ball
1-0: Foul Ball, location: 2F
1-1: Called Strike
1-2: Ball
2-2: Strikes out swinging
Batting: RHB Ryoma Yamamoto 0-0: Called Strike
0-1: Foul Ball, location: 2F
0-2: Ball
1-2: Foul Ball, location: 2F
1-2: Foul Ball, location: 2F
1-2: Foul Ball, location: 2F
1-2: Ball
2-2: Strikes out swinging
Bottom of the 1st over - 0 runs, 0 hits, 0 errors, 0 left on base; Gryfindor 1 - Houston 0
TOP OF THE 2ND
Gryfindor Braves batting - Pitching for Houston BC : RHP Nolan Howard
Batting: RHB Bob Petiet 0-0: Fly out, F7 (Flyball, 7LD)
Batting: LHB Cris Gonzáles 0-0: Ball
1-0: Ball
2-0: Ball
3-0: Called Strike
3-1: Fly out, F9 (Flyball, 9LSF)
Batting: RHB Ernesto Souza 0-0: Called Strike
0-1: Foul Ball, location: 2F
0-2: Ball
1-2: Ball
2-2: Foul Ball, location: 2F
2-2: Ball
3-2: Strikes out swinging
Top of the 2nd over - 0 runs, 0 hits, 0 errors, 0 left on base; Gryfindor 1 - Houston 0
BOTTOM OF THE 2ND
Houston BC batting - Pitching for Gryfindor Braves : LHP Luis Vargas
Batting: LHB Rich Watkins 0-0: Ball
1-0: Ball
2-0: Swinging Strike
2-1: Foul Ball, location: 2F
2-2: Foul Ball, location: 2F
2-2: Strikes out swinging
Batting: RHB António López 0-0: Foul Ball, location: 2F
0-1: Ground out U3 (Groundball, 34S)
Batting: RHB Jud Regan 0-0: Foul Ball, location: 2F
0-1: Ball
1-1: Foul Ball, location: 2F
1-2: Ball
2-2: Foul Ball, location: 2F
2-2: Ball
3-2: Ground out 4-3 (Groundball, 4S)
Bottom of the 2nd over - 0 runs, 0 hits, 0 errors, 0 left on base; Gryfindor 1 - Houston 0
TOP OF THE 3RD
Gryfindor Braves batting - Pitching for Houston BC : RHP Nolan Howard
Batting: LHB Tyler Knopp 0-0: Ball
1-0: Fly out, F9 (Flyball, 9S)
Batting: LHB Robby Young 0-0: Ball
1-0: Ball
2-0: Ball
3-0: Called Strike
3-1: Swinging Strike
3-2: Foul Ball, location: 2F
3-2: Base on Balls
Batting: RHB Javier López 0-0: Called Strike
0-1: Called Strike
0-2: Fielders Choice at 2nd, 6-4 (Groundball, 56)
Batting: LHB Austin Hathaway 0-0: Called Strike
0-1: SINGLE (Groundball, 4D)
Javier López to second
Runner from 2nd tries for 3rd, SAFE, no throw
Batting: RHB Akke Derksen 0-0: Ball
1-0: Foul Ball, location: 2F
1-1: Called Strike
1-2: Foul Ball, location: 2F
1-2: Ground out 4-3 (Groundball, 4)
Top of the 3rd over - 0 runs, 1 hit, 0 errors, 2 left on base; Gryfindor 1 - Houston 0
BOTTOM OF THE 3RD
Houston BC batting - Pitching for Gryfindor Braves : LHP Luis Vargas
Batting: RHB Alfredo Mojica 0-0: Ball
1-0: Foul Ball, location: 2F
1-1: Foul Ball, location: 2F
1-2: SINGLE (Line Drive, 9LS)
Batting: RHB Alba Hidalgo de Jesus 0-0: Foul Ball, location: 2F
0-1: Ball
1-1: Ground out 4-3 (Groundball, 4)
Alfredo Mojica to second
Batting: RHB Abraham Phelps 0-0: Ball
1-0: Swinging Strike
1-1: Ball
2-1: Foul Ball, location: 2F
2-2: SINGLE (Groundball, 56D)
Alfredo Mojica to third
Batting: RHB Kenneth Noid 0-0: Called Strike
0-1: DOUBLE (Line Drive, 78D)
Alfredo Mojica scores
Abraham Phelps to third
Batting: LHB Sidney Dollarhide 0-0: Called Strike
0-1: Ball
1-1: Ground out 4-3 (Groundball, 4M)
Abraham Phelps scores
Kenneth Noid to third
Batting: RHB Ryoma Yamamoto 0-0: Foul Ball, location: 2F
0-1: Ball
1-1: Ball
2-1: Fly out, F3 (Line Drive, 3)
Bottom of the 3rd over - 2 runs, 3 hits, 0 errors, 1 left on base; Gryfindor 1 - Houston 2
TOP OF THE 4TH
Gryfindor Braves batting - Pitching for Houston BC : RHP Nolan Howard
Batting: RHB Randy Rehling 0-0: Ball
1-0: Ball
2-0: Ball
3-0: Called Strike
3-1: Called Strike
3-2: Foul Ball, location: 2F
3-2: Base on Balls
Batting: RHB Bob Petiet 0-0: Ball
1-0: Ball
2-0: Foul Ball, location: 2F
2-1: SINGLE (Groundball, 34D)
Randy Rehling to second
Runner from 2nd tries for 3rd, OUT!
Batting: LHB Cris Gonzáles 0-0: Called Strike
0-1: Swinging Strike
0-2: Strikes out swinging
Batting: RHB Ernesto Souza 0-0: Called Strike
0-1: Ball
1-1: Ball
2-1: Called Strike
2-2: Ball
3-2: Foul Ball, location: 2F
3-2: Ground out 6-3 (Groundball, 56)
Top of the 4th over - 0 runs, 1 hit, 0 errors, 1 left on base; Gryfindor 1 - Houston 2
BOTTOM OF THE 4TH
Houston BC batting - Pitching for Gryfindor Braves : LHP Luis Vargas
Batting: LHB Rich Watkins 0-0: Ball
1-0: Called Strike
1-1: Called Strike
1-2: Foul Ball, location: 2F
1-2: Strikes out swinging
Batting: RHB António López 0-0: Called Strike
0-1: Ball
1-1: Ball
2-1: Ball
3-1: Base on Balls
Batting: RHB Jud Regan 0-0: Called Strike
0-1: Ball
1-1: Grounds into double play, 3-6-3 (Groundball, 3)
Bottom of the 4th over - 0 runs, 0 hits, 0 errors, 0 left on base; Gryfindor 1 - Houston 2
TOP OF THE 5TH
Gryfindor Braves batting - Pitching for Houston BC : RHP Nolan Howard
Batting: LHB Tyler Knopp 0-0: Fly out, F7 (Flyball, 7D)
Batting: LHB Robby Young 0-0: Called Strike
0-1: Ball
1-1: Fly out, F3 (Line Drive, 3)
Batting: RHB Javier López 0-0: Called Strike
0-1: Called Strike
0-2: Ball
1-2: Ground out 5-3 (Groundball, 56)
Top of the 5th over - 0 runs, 0 hits, 0 errors, 0 left on base; Gryfindor 1 - Houston 2
BOTTOM OF THE 5TH
Houston BC batting - Pitching for Gryfindor Braves : LHP Luis Vargas
Batting: RHB Alfredo Mojica 0-0: Swinging Strike
0-1: Ball
1-1: Foul Ball, location: 2F
1-2: Ball
2-2: Ball
3-2: Strikes out swinging
Batting: RHB Alba Hidalgo de Jesus 0-0: Ball
1-0: Ball
2-0: Ball
3-0: Base on Balls
Batting: RHB Abraham Phelps 0-0: Foul Ball, location: 2F
0-1: Ball
1-1: Ball
2-1: SINGLE (Groundball, 6MD)
Alba Hidalgo de Jesus to second
Runner from 2nd tries for 3rd, SAFE, no throw
Batting: RHB Kenneth Noid 0-0: Ball
1-0: Ball
2-0: Fly out, F8 (Flyball, 78D)
Runner from 3rd tags up, SCORES, throw made
Now in CF: Adrián Zamudio
Batting: LHB Sidney Dollarhide 0-0: Called Strike
0-1: Foul Ball, location: 2F
0-2: Ball
1-2: Ball
2-2: Ball
3-2: Ground out 4-3 (Groundball, 4)
Bottom of the 5th over - 1 run, 1 hit, 0 errors, 1 left on base; Gryfindor 1 - Houston 3
TOP OF THE 6TH
Gryfindor Braves batting - Pitching for Houston BC : RHP Nolan Howard
Batting: LHB Austin Hathaway 0-0: Called Strike
0-1: Ball
1-1: Called Strike
1-2: Foul Ball, location: 2F
1-2: Ball
2-2: Foul Ball, location: 2F
2-2: Foul Ball, location: 2F
2-2: Ball
3-2: Base on Balls
Batting: RHB Akke Derksen 0-0: Swinging Strike
0-1: Ball
1-1: Fly out, F7 (Flyball, 7)
Batting: RHB Randy Rehling 0-0: Called Strike
0-1: Called Strike
0-2: Ball
1-2: Foul Ball, location: 2F
1-2: Ball
2-2: Fielders Choice at 2nd, 1-6 (Groundball, 13S)
Batting: RHB Bob Petiet 0-0: Foul Ball, location: 2F
0-1: Fly out, F7 (Flyball, 7LS)
Top of the 6th over - 0 runs, 0 hits, 0 errors, 1 left on base; Gryfindor 1 - Houston 3
BOTTOM OF THE 6TH
Houston BC batting - Pitching for Gryfindor Braves : LHP Luis Vargas
Batting: RHB Ryoma Yamamoto 0-0: Foul Ball, location: 2F
0-1: Foul Ball, location: 2F
0-2: Ball
1-2: Ball
2-2: Fly out, F9 (Flyball, 9)
Batting: LHB Rich Watkins 0-0: Ball
1-0: Ball
2-0: Ball
3-0: Base on Balls
Batting: RHB António López 0-0: Called Strike
0-1: Ball
1-1: Swinging Strike
1-2: Ball
2-2: Ball
3-2: SINGLE (Groundball, 56D)
Rich Watkins to second
Runner from 2nd tries for 3rd, SAFE, no throw
Pitching: RHP Rodrigo Torres
Batting: RHB Jud Regan 0-0: Ball
1-0: Foul Ball, location: 2F
1-1: SINGLE (Groundball, 56D)
Rich Watkins scores
António López to second
Batting: RHB Alfredo Mojica 0-0: Ball
1-0: Ball
2-0: Swinging Strike
2-1: Fielders Choice at 2nd, 3-6 (Groundball, 3)
António López to third
Batting: RHB Alba Hidalgo de Jesus 0-0: SINGLE (Groundball, 34D)
António López scores
Alfredo Mojica to second
Runner from 2nd tries for 3rd, SAFE, throw made to third
Batting: RHB Abraham Phelps 0-0: Ball
1-0: 3-RUN HOME RUN (Flyball, 89XD), Distance : 434 ft
Batting: RHB Kenneth Noid 0-0: Foul Ball, location: 2F
0-1: Ball
1-1: Swinging Strike
1-2: Strikes out swinging
Bottom of the 6th over - 5 runs, 4 hits, 0 errors, 0 left on base; Gryfindor 1 - Houston 8
TOP OF THE 7TH
Gryfindor Braves batting - Pitching for Houston BC : RHP Nolan Howard
Batting: LHB Cris Gonzáles 0-0: Ball
1-0: Ball
2-0: Called Strike
2-1: Foul Ball, location: 2F
2-2: Foul Ball, location: 2F
2-2: Foul Ball, location: 2F
2-2: Foul Ball, location: 2F
2-2: Ground out 5-3 (Groundball, 5)
Batting: RHB Ernesto Souza 0-0: Foul Ball, location: 2F
0-1: Foul Ball, location: 2F
0-2: Ball
1-2: Foul Ball, location: 2F
1-2: Ball
2-2: Ball
3-2: Ground out 5-3 (Groundball, 56)
Batting: LHB Tyler Knopp 0-0: Called Strike
0-1: Ball
1-1: Ball
2-1: Ball
3-1: Foul Ball, location: 2F
3-2: Strikes out swinging
Top of the 7th over - 0 runs, 0 hits, 0 errors, 0 left on base; Gryfindor 1 - Houston 8
BOTTOM OF THE 7TH
Houston BC batting - Pitching for Gryfindor Braves : RHP Rodrigo Torres
Batting: LHB Sidney Dollarhide 0-0: Called Strike
0-1: Foul Ball, location: 2F
0-2: Strikes out swinging
Batting: RHB Ryoma Yamamoto 0-0: Ball
1-0: Swinging Strike
1-1: Ball
2-1: Ball
3-1: Swinging Strike
3-2: Strikes out swinging
Batting: LHB Rich Watkins 0-0: Ball
1-0: Called Strike
1-1: Ball
2-1: SOLO HOME RUN (Flyball, 7LD), Distance : 383 ft
Batting: RHB António López 0-0: Foul Ball, location: 2F
0-1: Ball
1-1: Foul Ball, location: 2F
1-2: Ball
2-2: Ground out 6-3 (Groundball, 6)
Bottom of the 7th over - 1 run, 1 hit, 0 errors, 0 left on base; Gryfindor 1 - Houston 9
TOP OF THE 8TH
Gryfindor Braves batting - Pitching for Houston BC : RHP Nolan Howard
Now at C: José Perea
Batting: SHB Adrián Zamudio 0-0: Called Strike
0-1: SINGLE (Line Drive, 7S)
Batting: RHB Javier López 0-0: Ball
1-0: Foul Ball, location: 2F
1-1: Foul Ball, location: 2F
1-2: Ball
2-2: Ball
3-2: Strikes out swinging
Pitching: RHP Shadi Zafar
Batting: LHB Gilberto Jiménez 0-0: Fly out, F9 (Flyball, 89XD)
Batting: RHB Akke Derksen 0-0: Ball
1-0: Ball
2-0: Fly out, F7 (Flyball, 78XD)
Top of the 8th over - 0 runs, 1 hit, 0 errors, 1 left on base; Gryfindor 1 - Houston 9
BOTTOM OF THE 8TH
Houston BC batting - Pitching for Gryfindor Braves : RHP Rodrigo Torres
Batting: RHB Jud Regan 0-0: Ball
1-0: Ball
2-0: Swinging Strike
2-1: Ground out 4-3 (Groundball, 4S)
Batting: RHB Alfredo Mojica 0-0: Fly out, F9 (Flyball, 89D)
Batting: RHB Alba Hidalgo de Jesus 0-0: Ball
1-0: Ball
2-0: Ball
3-0: Called Strike
3-1: Base on Balls
Batting: RHB Abraham Phelps 0-0: Foul Ball, location: 2F
0-1: Called Strike
0-2: Ball
1-2: SINGLE (Flyball, 8LS)
Alba Hidalgo de Jesus to second
Runner from 2nd tries for 3rd, SAFE, no throw
Batting: RHB Kenneth Noid 0-0: Fly out, F3 (Popup, 3SF)
Bottom of the 8th over - 0 runs, 1 hit, 0 errors, 2 left on base; Gryfindor 1 - Houston 9
TOP OF THE 9TH
Gryfindor Braves batting - Pitching for Houston BC : RHP Shadi Zafar
Batting: RHB Randy Rehling 0-0: Called Strike
0-1: Ball
1-1: Ball
2-1: Ball
3-1: Base on Balls
Batting: RHB Bob Petiet 0-0: Called Strike
0-1: Called Strike
0-2: Foul Ball, location: 2F
0-2: Ball
1-2: Ball
2-2: Ball
3-2: Grounds into double play, 6-4-3 (Groundball, 6M)
Batting: LHB Cris Gonzáles 0-0: Called Strike
0-1: Ball
1-1: Foul Ball, location: 2F
1-2: DOUBLE (Flyball, 89XD)
Batting: RHB Ernesto Souza 0-0: Ball
1-0: Ball
2-0: Ball
3-0: Base on Balls
Batting: LHB Tyler Knopp 0-0: Called Strike
0-1: Foul Ball, location: 2F
0-2: Ball
1-2: Ball
2-2: Ball
3-2: Fly out, F3 (Line Drive, 3)
Top of the 9th over - 0 runs, 1 hit, 0 errors, 2 left on base; Gryfindor 1 - Houston 9
Friday, March 29th, 2019 - OOTP Baseball 18.8 Build 76